 Dungeon Crawl Stone Soup version 0.30-a0-377-g5cb311bc9f (webtiles) character file.

Game seed: 8688531808332731342

8089 Colgate the Blocker (level 11, -12/63 HPs)
             Began as a Gargoyle Earth Elementalist on Nov 30, 2022.
             Was a Priest of Trog.
             Killed from afar by Fannar (15 damage)
             ... with a bolt of cold
             ... on level 10 of the Dungeon on Dec 12, 2022.
             The game lasted 01:11:02 (19218 turns).

Colgate the Blocker (Gargoyle Earth Elementalist)  Turns: 19218, Time: 01:11:03

Health: -12/63     AC: 20    Str: 15    XL:     11   Next: 25%
Magic:  14/14      EV:  5    Int: 17    God:    Trog [***...]
Gold:   242        SH: 11    Dex: 10    Spells: 8/14 levels left

rFire   . . .      SeeInvis .    a - +2 morningstar
rCold   . . .      Faith    +    C - +0 kite shield {rPois}
rNeg    + . .      Spirit   .    G - +0 chain mail
rPois   ∞          Reflect  .    v - +1 hat
rElec   +          Harm     .    r - +0 cloak
rCorr   .          Rampage  .    c - +0 pair of gloves
Will    .....                    (no boots)
Stlth   ..........               M - amulet of faith
HPRegen 0.30/turn                (no ring)
MPRegen 0.14/turn                B - +4 ring of slaying

@: no status effects
A: sickness immunity, AC +8, negative energy resistance 1, electricity
resistance, torment resistance 1, petrification resistance
a: Renounce Religion, Berserk, Trog's Hand


You were on level 10 of the Dungeon.
You worshipped Trog.
Trog was most pleased with you.
You visited 2 branches of the dungeon, and saw 11 of its levels.
You also visited: Sewer.

You collected 815 gold pieces.
You spent 573 gold pieces at shops.

Inventory:

Hand Weapons
 a - a +2 morningstar (weapon)
 b - a +3 sling
 A - the +5 hammer of Xecafefi {vorpal, Dex+3}
   (You found it on level 2 of the Dungeon)

   It inflicts extra damage upon your enemies.
   Dex:       It affects your dexterity (+3).
 N - a +2 flail of venom
Missiles
 s - a throwing net {!f}
Armour
 c - a +0 pair of gloves (worn)
 r - a +0 cloak (worn)
 v - a +1 hat (worn)
 C - a +0 kite shield of poison resistance (worn)
 G - a +0 chain mail (worn)
Jewellery
 k - a ring of magical power
 u - the ring "Zoj Paka" {Fire rElec rN+ Str+7 Dex-3}
   (You found it on level 2 of the Dungeon)

   [ring of fire]

   It enhances your fire magic.
   Str:       It affects your strength (+7).
   Dex:       It affects your dexterity (-3).
   rF:        It protects you from fire.
   rC:        It makes you vulnerable to cold.
   rElec:     It insulates you from electricity.
   rN:        It protects you from negative energy.
 B - a +4 ring of slaying (right hand)
 J - a ring of willpower
 M - an amulet of faith (around neck)
Wands
 p - a wand of polymorph (7)
 z - a wand of roots (10) {@v2}
 K - a wand of digging (6) {@v3}
Scrolls
 d - a scroll of fear {unknown}
 e - 2 scrolls of fog
 h - 4 scrolls of summoning
 j - 5 scrolls of magic mapping {@r5}
 n - 2 scrolls of vulnerability
 q - 5 scrolls of teleportation {@r3}
 x - a scroll of torment {unknown}
 D - a scroll of immolation {unknown}
 H - 2 scrolls of brand weapon {unknown}
 L - a scroll of acquirement {unknown}
Potions
 f - a potion of flight
 g - 5 potions of haste {@q4}
 i - 3 potions of might {@q3}
 l - 3 potions of resistance {@q5}
 m - a potion of invisibility {unknown}
 o - 2 potions of attraction
 t - 3 potions of magic
 w - 2 potions of curing {@q1}
 E - a potion of cancellation
 F - 2 potions of ambrosia {unknown}
 I - a potion of berserk rage {unknown}
 O - a potion of heal wounds {unknown}
 P - a potion of lignification {unknown}


   Skills:
 + Level 5.0 Fighting
 - Level 10.0 Maces & Flails
 - Level 2.4 Armour
 - Level 1.5 Dodging
 - Level 2.1 Stealth
 - Level 12.2 Shields
 - Level 2.0 Spellcasting
 - Level 3.0 Conjurations
 - Level 0.7 Transmutations
 - Level 6.0 Earth Magic
 - Level 3.0 Evocations


You had 8 spell levels left.
You knew the following spells:

 Your Spells              Type           Power      Damage    Failure   Level
a - Sandblast             Erth           44%        2d11      56%         1
b - Passwall              Tmut/Erth      10%        N/A       97%         2
c - Stone Arrow           Conj/Erth      34%        3d9       98%         3

Your spell library contained the following spells:

 Spells                   Type           Power      Damage    Failure   Level
 Petrify                  Tmut/Erth      13%        N/A       100%        4


Dungeon Overview and Level Annotations

Branches:
Dungeon (10/15)            Temple (1/1) D:4            Lair (0/5) D:10
    Orc (0/2) D:9           Sewer (visited)

Altars:
Ashenzari
Cheibriados
Dithmenos
Elyvilon
Fedhas
Gozag
Hepliaklqana
Kikubaaqudgha
Makhleb
Nemelex Xobeh
Okawaru
Qazlal
Ru
Sif Muna
Trog
Uskayaw
Vehumet
Wu Jian
Xom
Yredelemnul
Zin
The Shining One

Shops:
D:4 *   D:5 =   D:6 (

Annotations:
D:4 exclusion: ogre
D:10 Fannar


Innate Abilities, Weirdness & Mutations

You are immune to sickness and miasma.
Your stone body is resilient. (AC +8)
You are immune to poison.
You resist negative energy. (rN+)
You are resistant to electric shocks. (rElec)
You are resistant to unholy torment.
You are immune to petrification.


Message History

There is a stone staircase leading up here.
You block the ice beast's attack. x2
You climb upwards.
Your skin stops crawling.
You feel less strong-willed.
There is a stone staircase leading down here.
You start resting.
You feel yourself speed up.
You start resting.
You recover from your berserk rage.
You start resting.
HP restored.
You climb downwards.
Level annotation: Fannar
There is a stone staircase leading up here.
No target in view!
There is an open door, spattered with blood here.
Fannar is nearby!
Fannar hits you with a staff of cold. Fannar freezes you!
You barely miss Fannar. Fannar hits you but does no damage. Fannar freezes you.
You hit Fannar but do no damage.
Fannar gestures wildly while chanting.
You impale Fannar!!
Fannar brushes some snowflakes from their robe.
Fannar barely misses you.
You hit Fannar. Fannar casts a spell at you. The bolt of cold hits you!!
There is an open door, spattered with blood here.
You close the door.
You start resting.
Fannar the Cold-Hearted opens the door.
They are wielding a staff of cold and wearing a +1 robe of cold resistance.
Okay, then.
You see here a +0 hand axe.
Fannar mumbles some strange words.
Fannar drains the heat from the surrounding environment!
* * * LOW HITPOINT WARNING * * *
Fannar gestures at you while chanting.
The bolt of cold hits the ice beast.
The ice beast completely resists.
The bolt of cold hits you!
You die...

.+...........#.)......#
.#...........#..##....#
'###'###.....#..##....#
..#....+.....#e.#.....########
..'....#.....#..#......+.....#
..#....#.....#..##....##.....#
..#....#.....#.Y##....##.....#
..#....#.....#........##.....#
..#....#.....#..@............#
..#....# #..........)....#
..#....# #...............#
..###### #################


You could see Fannar and an ice beast (summoned).

Vanquished Creatures
  Gastronok (D:8)
  A hydra (D:9)
  A two-headed ogre (D:10)
  A torpor snail (D:10)
  A troll (D:9)
  A hornet (D:7)
  A wraith (D:9)
  2 shadows (D:9)
  A wyvern (D:10)
  4 vampire mosquitoes (D:10)
  3 water moccasins
  Duvessa (D:5)
  Pargi (Sewer)
  4 centaurs
  A wolf (D:6)
  A kobold brigand (D:9)
  2 necrophages
  3 bullfrogs
  3 gnoll sergeants
  3 scorpions (D:6)
  3 wights (D:8)
  Dowan (D:5)
  14 killer bees
  2 troll zombies (D:9)
  5 howler monkeys
  The ghost of mojasp the Digger, a weakling DEEE (D:3)
  6 hounds
  3 gnoll boudas
  6 orc priests
  4 jellies
  Crazy Yiuf (D:2)
  Jessica (D:2)
  An iguana (D:5)
  5 orc wizards
  4 ogre zombies (D:9)
  20 gnolls
  10 adders
  A shadow imp (D:6)
  3 white imps
  3 worms
  3 dart slugs
  38 orcs
  10 ball pythons
  6 bats
  7 endoplasms
  3 giant cockroaches
  11 goblins
  6 hobgoblins
  3 jackals (D:1)
  4 quokkas
  6 frilled lizards
  2 goblin skeletons (D:9)
  3 goblin zombies (D:9)
  2 hobgoblin skeletons (D:9)
  4 hobgoblin zombies (D:9)
  11 kobolds
  8 orc zombies (D:9)
  12 rats
  A bush (D:1)
270 creatures vanquished.

Vanquished Creatures (others)
  A plant (D:1)
1 creature vanquished.

Grand Total: 271 creatures vanquished

Notes
Turn   | Place    | Note
-------+----------+-------------------------------------------
     0 | D:1      | Colgate the Gargoyle Earth Elementalist began the quest for
                  | the Orb.
     0 | D:1      | Reached XP level 1. HP: 10/10 MP: 3/3
  1112 | D:1      | Reached XP level 2. HP: 12/15 MP: 0/5
  1273 | D:1      | Learned a level 2 spell: Passwall
  1866 | D:1      | Reached skill level 5 in Earth Magic
  1866 | D:1      | Reached XP level 3. HP: 19/19 MP: 4/6
  1870 | D:1      | Learned a level 3 spell: Stone Arrow
  2690 | D:2      | Noticed Jessica
  2797 | D:2      | Killed Jessica
  2798 | D:2      | Reached XP level 4. HP: 18/24 MP: 0/7
  3092 | D:2      | Reached skill level 1 in Conjurations
  3256 | D:2      | Found a runed translucent door.
  3257 | D:2      | Noticed Crazy Yiuf
  3271 | D:2      | Killed Crazy Yiuf
  3272 | D:2      | Reached XP level 5. HP: 14/28 MP: 0/8
  3284 | D:2      | Identified the +5 hammer of Xecafefi {vorpal, Dex+3}
  3401 | D:2      | Identified the ring "Zoj Paka" {Fire rElec rN+ Str+7 Dex-3}
  4139 | D:3      | Found a runed translucent door.
  4139 | D:3      | Noticed mojasp's ghost (weakling DEEE)
  5365 | D:3      | Killed mojasp's ghost
  5366 | D:3      | Reached skill level 1 in Fighting
  5416 | D:3      | Found a bloodstained altar of Trog.
  5422 | D:3      | Became a worshipper of Trog the Wrathful
  5435 | D:4      | Found a staircase to the Ecumenical Temple.
  5444 | Temple   | Entered the Ecumenical Temple
  5632 | D:4      | Noticed an ogre
  6061 | D:4      | Reached XP level 6. HP: 37/37 MP: 9/9
  6801 | D:4      | Found Arargh's Serpentskin Sales.
  6801 | D:4      | Noticed a water moccasin
  6801 | D:4      | Noticed a water moccasin
  6913 | D:4      | Killed a water moccasin
  7000 | D:4      | Bought a +0 kite shield of poison resistance for 93 gold
                  | pieces
  7022 | D:4      | Found Arargh's Serpentskin Sales.
  7051 | D:4      | Found a staircase to the Ecumenical Temple.
  7302 | D:4      | Killed a water moccasin
  7303 | D:4      | Reached XP level 7. HP: 34/42 MP: 10/10
  7610 | D:5      | Entered Level 5 of the Dungeon
  7610 | D:5      | Found Ekhivurph's Jewellery Shoppe.
  7645 | D:5      | Noticed Duvessa
  7645 | D:5      | Noticed Dowan
  7894 | D:5      | Reached skill level 1 in Shields
  8084 | D:5      | Found a glowing drain.
  8097 | D:5      | Reached skill level 2 in Shields
  8098 | D:5      | Reached * piety under Trog
  8106 | Sewer    | Entered a sewer
  8125 | Sewer    | Noticed Pargi
  8137 | Sewer    | Killed Pargi
  8138 | Sewer    | Reached skill level 3 in Shields
  8553 | D:5      | Killed Dowan
  8918 | D:5      | Killed Duvessa
  8919 | D:5      | Reached skill level 5 in Maces & Flails
  8919 | D:5      | Reached XP level 8. HP: 8/48 MP: 11/11
  9725 | D:6      | Found Edaomn's Antique Weapon Emporium.
 10404 | D:6      | Reached skill level 4 in Shields
 10481 | D:6      | Reached ** piety under Trog
 10482 | D:6      | Reached XP level 9. HP: 49/52 MP: 12/12
 10949 | D:6      | Reached skill level 5 in Shields
 11056 | D:6      | Found Edaomn's Antique Weapon Emporium.
 11706 | D:7      | Found an ornate altar of the Wu Jian Council.
 11903 | D:7      | Reached skill level 6 in Shields
 12112 | D:7      | Noticed a hornet
 12327 | D:7      | Reached skill level 7 in Shields
 12398 | D:7      | Killed a hornet
 12833 | D:7      | Found an ornate altar of the Wu Jian Council.
 13431 | D:8      | Reached skill level 8 in Shields
 13549 | D:8      | Noticed Gastronok
 13646 | D:8      | Found a shadowy altar of Dithmenos.
 13806 | D:8      | Reached skill level 9 in Shields
 13987 | D:5      | Bought an amulet of faith for 480 gold pieces
 14853 | D:8      | Found a shadowy altar of Dithmenos.
 14933 | D:8      | Found a shadowy altar of Dithmenos.
 15592 | D:9      | Noticed a troll
 15736 | D:8      | Found a shadowy altar of Dithmenos.
 15961 | D:8      | Killed Gastronok
 15962 | D:8      | Reached skill level 11 in Shields
 15962 | D:8      | Reached XP level 10. HP: 15/56 MP: 13/13
 16686 | D:9      | Reached skill level 1 in Armour
 16799 | D:9      | Noticed a six-headed hydra
 17006 | D:9      | Reached *** piety under Trog
 17052 | D:9      | Found a staircase to the Orcish Mines.
 17290 | D:9      | Killed a six-headed hydra
 17873 | D:10     | Entered Level 10 of the Dungeon
 17925 | D:10     | Reached skill level 10 in Maces & Flails
 18040 | D:10     | Reached XP level 11. HP: 56/62 MP: 14/14
 18165 | D:10     | Noticed a two-headed ogre
 18194 | D:10     | a two-headed ogre changed into a torpor snail
 18204 | D:10     | Reached skill level 12 in Shields
 18311 | D:10     | Noticed a two-headed ogre
 18326 | D:10     | Killed a two-headed ogre
 18611 | D:10     | Found a shimmering altar of Xom.
 18739 | D:10     | Found a staircase to the Lair.
 18851 | D:10     | Reached skill level 5 in Fighting
 18976 | D:10     | Found a glowing golden altar of the Shining One.
 19041 | D:10     | Noticed Fannar
 19212 | D:10     | HP: 1/63 [Fannar/staff of cold (23)]
 19218 | D:10     | Killed from afar by Fannar

Illustrated notes

Levels and vault maps discovered:
D:1:      psy_arrival_basics, layout_loops_corners, serial_forest,
          infiniplex_forest_straight_2, infiniplex_forest_clump_small,
          infiniplex_forest_clump_long, infiniplex_forest_lined_3,
          infiniplex_forest_straight_2, minmay_rat_gold_closets
D:2:      layout_loops_cross, minmay_tromino_v7, uniq_jessica,
          uniq_crazy_yiuf_cottage
D:3:      layout_basic, lightli_temple_of_fire, gammafunk_ghost_grave
D:4:      minmay_general_purpose_star, layout_rooms,
          minmay_temple_entry_drinking_statues, guppyfry_shop_venom
D:5:      layout_basic, gup_sewer_entry_glass, nicolae_stop_n_shop_1,
          uniq_duvessa
D:6:      layout_cave_pods, serial_gnoll_camp, gnoll_camp_mini_shop,
          gnoll_camp_mini_house, gnoll_camp_mini_house, gnoll_camp_mini_house,
          gnoll_camp_mini_basic
D:7:      layout_loops_cross, lemuel_crystal_altar
D:8:      layout_basic, mainiacjoe_overflow_concentric_impassable,
          uniq_gastronok
D:9:      layout_irregular_city, zombieorc1_lemuel
D:10:     layout_gridville, mainiacjoe_overflow_alcove_1,
          mainiacjoe_overflow_brackets, lair_entry_dummy, uniq_fannar
Temple:   sentei_temple_godly_chess

Skill      XL: |  1  2  3  4  5  6  7  8  9 10 11 |
---------------+----------------------------------+-----
Earth Magic    | 4 5 6 |  6.0
Conjurations   | 2 3 |  3.0
Fighting       | 3 4 5 |  5.0
Maces & Flails | 3 5 8 10 | 10.0
Shields        | 3 4 11 12 | 12.2
Armour         | 2 |  2.4
Evocations     | 3 |  3.0
Dodging        | |  1.5
Stealth        | |  2.1
Spellcasting   | |  2.0
Transmutations | |  0.7

Action                   |  1- 3 |  4- 6 |  7- 9 | 10-12 || total
-------------------------+-------+-------+-------+-------++-------
Melee: Unarmed           |   932 |       |       |       ||   932
       Punch             |    15 |       |       |       ||    15
       Mace              |       |    92 |   259 |   111 ||   462
       Morningstar       |       |       |       |   136 ||   136
 Fire: Sling             |     4 |    76 |   186 |    42 ||   308
 Cast: Sandblast         |    37 |     6 |       |       ||    43
       Stone Arrow       |     1 |    29 |       |       ||    30
Invok: Berserk           |       |       |     5 |     8 ||    13
       Trog's Hand       |       |       |       |     1 ||     1
Evoke: Wand              |       |     1 |       |     5 ||     6
  Use: Scroll            |       |     8 |     8 |     3 ||    19
       Potion            |       |     1 |       |       ||     1
Armor: Robe              |    15 |    11 |       |       ||    26
       Ring mail         |       |    50 |    42 |       ||    92
       Chain mail        |       |       |   176 |   131 ||   307
Dodge: Dodged            |    28 |    84 |   100 |    50 ||   262
Block: Kite shield       |       |     5 |   152 |   126 ||   283

Table legend: (Time is in decaauts)
 A = Elapsed time spent in this place.
 B = Non-inter-level travel time spent in this place.
 C = Inter-level travel time spent in this place.
 D = Time resting spent in this place.
 E = Time spent auto-exploring this place.
 F = Levels seen in this place.
 G = Mean time per level.
                   A        B        C        D        E       F      G
               +--------+--------+--------+--------+--------+-----+--------+
         Total |  19769 |  19052 |    717 |   1766 |  12745 |  12 | 1647.4 |
       Dungeon |  19461 |  18744 |    717 |   1766 |  12549 |  10 | 1946.1 |
        Temple |      7 |      7 |      0 |      0 |      2 |   1 |    7.0 |
         Sewer |    299 |    299 |      0 |      0 |    194 |   1 |  299.0 |
               +--------+--------+--------+--------+--------+-----+--------+

Top non-repeatable levels by time:
     D:8: 2852 daAuts
     D:6: 2511 daAuts
     D:1: 2445 daAuts
     D:4: 2074 daAuts
     D:3: 1897 daAuts
     D:9: 1859 daAuts
     D:7: 1718 daAuts
     D:2: 1450 daAuts
     D:5: 1398 daAuts
    D:10: 1252 daAuts
   Sewer: 299 daAuts
  Temple: 7 daAuts
